 Dungeon Crawl Stone Soup version 0.29-a0-275-g389c0b56f3 (webtiles) character file.

Game seed: 6313070758530347458

29 mopl the Twirler (level 3, -4/28 HPs)
             Began as a Palentonga Gladiator on Mar 10, 2022.
             Slain by an iguana (13 damage)
             ... on level 2 of the Dungeon.
             The game lasted 00:00:42 (650 turns).

mopl the Twirler (Palentonga Gladiator)              Turns: 650, Time: 00:00:42

Health: -4/28      AC:  5    Str: 19    XL:     3   Next: 1%
Magic:  3/3        EV: 10    Int:  8    God:
Gold:   87         SH:  0    Dex: 11    Spells: 2/2 levels left

rFire   . . .      SeeInvis +   a - +0 quarterstaff
rCold   . . .      Faith    .   (shield currently unavailable)
rNeg    . . .      Spirit   .   b - +0 leather armour
rPois   .          Reflect  .   c - +0 helmet
rElec   .          Harm     .   (no cloak)
rCorr   .          Rampage  .   (no gloves)
Will    .....                   (no barding)
Stlth   +.........              (no amulet)
HPRegen 0.09/turn               (no ring)
MPRegen 0.08/turn               (no ring)

@: no status effects
A: large, rugged brown scales 3, see invisible, deformed body, roll 1, armoured
tail
a: Rolling Charge


You were on level 2 of the Dungeon.
You visited 1 branch of the dungeon, and saw 2 of its levels.

You collected 87 gold pieces.

Inventory:

Hand Weapons
 a - a +0 quarterstaff (weapon)
Missiles
 d - 3 throwing nets (quivered)
 e - a javelin
Armour
 b - a +0 leather armour (worn)
 c - a +0 helmet (worn)
Scrolls
 f - a scroll of identify {unknown}
 k - a scroll of immolation {unknown}
Potions
 g - a potion of curing {unknown}
 h - a potion of resistance {unknown}
 i - a potion of invisibility {unknown}
 j - 2 potions of berserk rage {unknown}


   Skills:
 + Level 2.2 Fighting
 * Level 3.4 Staves
 + Level 1.6 Throwing
 + Level 0.6 Armour
 + Level 2.6 Dodging


You had 2 spell levels left.
You didn't know any spells.
Your spell library was empty.

Dungeon Overview and Level Annotations

Branches:
Dungeon (2/15)

Altars:


Innate Abilities, Weirdness & Mutations

You are completely covered in rugged brown scales. (AC +3, +7% HP)
You have supernaturally acute eyesight. (SInv)
Armour fits poorly on your strangely shaped body.
You can roll at nearby foes to attack.
You have a long armoured tail.


Message History

Found 22 gold pieces.
The iguana hisses angrily.
The jackal barks!
The endoplasm quivers.
A jackal comes into view.
Found a silvery potion.
The jackal bites you but does no damage.
The jackal barely misses you.
The jackal barks!
The jackal bites you but does no damage.
The jackal attacks as you move away!
The jackal bites you but does no damage.
The jackal barely misses you.
There is an open door here.
You hit the jackal.
You kill the jackal!
You have reached level 3!
Your experience leads to an increase in your attributes!
Increase (S)trength, (I)ntelligence, or (D)exterity?
You feel stronger. x2
You barely miss the iguana.
Your tail-slap misses the iguana.
The iguana barely misses you.
You barely miss the iguana.
The iguana bites you but does no damage.
You barely miss the iguana. The iguana closely misses you.
You hit the iguana. You tail-slap the iguana.
The iguana is lightly wounded.
The iguana closely misses you. The iguana bites you.
You barely miss the iguana.
Your tail-slap misses the iguana.
The iguana is lightly wounded.
The iguana completely misses you.
You thump the iguana!
The iguana is almost dead.
The iguana bites you.
You closely miss the iguana.
Your tail-slap misses the iguana.
The iguana is almost dead.
The iguana bites you.
You barely miss the iguana.
The iguana is almost dead.
The iguana bites you!
You die...

##.#.#####.##
#...........#
#...........#
#......†....#
#...........#
#...........#
+...........#
####...........#
+.......##@##+##
##########l##
#.....Jh.#
#......#+#+##
#...........#
#.......[...#
#...[.......#
######.....$#
#....?.#


You could see an iguana, an endoplasm and a jackal.

Vanquished Creatures
  An adder (D:2)
  2 dart slugs (D:1)
  2 ball pythons (D:1)
  2 bats
  An endoplasm (D:2)
  A giant cockroach (D:1)
  2 hobgoblins (D:1)
  A jackal (D:2)
  A kobold (D:2)
  A rat (D:1)
14 creatures vanquished.

Notes
Turn   | Place    | Note
-------+----------+-------------------------------------------
     0 | D:1      | mopl the Palentonga Gladiator began the quest for the Orb.
     0 | D:1      | Reached XP level 1. HP: 17/17 MP: 1/1
   387 | D:1      | Reached XP level 2. HP: 22/23 MP: 2/2
   460 | D:1      | Found a faded altar of an unknown god.
   643 | D:2      | Reached XP level 3. HP: 23/28 MP: 3/3
   650 | D:2      | Slain by an iguana

Illustrated notes

Levels and vault maps discovered:
D:1:      heliophobic_arrival_dark_side_of_the_moon, layout_rooms,
          shapermc_ecumenical_altar_mp_highgroup, serial_curves, eino_curves_02,
          eino_curves_02, minmay_misc_feat_pillars
D:2:      layout_basic, basic_altar, roderic_lattice_a

Action                   || total
-------------------------++-------
Melee: Quarterstaff      ||    39
       Tailslap          ||     3
Armor: Leather armour    ||    20
Dodge: Dodged            ||    22

Table legend: (Time is in decaauts)
 A = Elapsed time spent in this place.
 B = Non-inter-level travel time spent in this place.
 C = Inter-level travel time spent in this place.
 D = Time resting spent in this place.
 E = Time spent auto-exploring this place.
 F = Levels seen in this place.
 G = Mean time per level.
                   A        B        C        D        E       F      G
               +--------+--------+--------+--------+--------+-----+--------+
         Total |    655 |    629 |     26 |      0 |    522 |   2 |  327.5 |
       Dungeon |    655 |    629 |     26 |      0 |    522 |   2 |  327.5 |
               +--------+--------+--------+--------+--------+-----+--------+

Top non-repeatable levels by time:
     D:1: 564 daAuts
     D:2: 91 daAuts
